 Dungeon Crawl Stone Soup version 0.29.1-2-gbd0b4ee654 (webtiles) character file.

Game seed: 1155128503409086133

238 Ihaveafatcat the Chopper (level 6, -1/53 HPs)
             Began as a Hill Orc Fighter on Nov 14, 2022.
             Slain by Sigmund
             ... wielding a +2 scythe of protection
              (12 damage)
             ... on level 3 of the Dungeon.
             The game lasted 00:03:43 (2508 turns).

Ihaveafatcat the Chopper (Hill Orc Fighter)         Turns: 2508, Time: 00:03:44

Health: -1/53      AC:  4    Str: 21    XL:     6   Next: 7%
Magic:  6/6        EV:  9    Int:  8    God:
Gold:   141        SH:  4    Dex: 10    Spells: 5/5 levels left

rFire   . . .      SeeInvis .   a - +0 war axe
rCold   . . .      Faith    .   c - +0 buckler
rNeg    . . .      Spirit   .   b - +0 scale mail
rPois   .          Reflect  .   (no helmet)
rElec   .          Harm     .   (no cloak)
rCorr   .          Rampage  .   (no gloves)
Will    .....                   (no boots)
Stlth   ..........              (no amulet)
HPRegen 0.17/turn               (no ring)
MPRegen 0.10/turn               (no ring)

@: brilliant
A: deformed body, screaming 1, no potion heal 1
a: no special abilities


You were on level 3 of the Dungeon.
You visited 1 branch of the dungeon, and saw 3 of its levels.

You collected 141 gold pieces.

Inventory:

Hand Weapons
 a - a +0 war axe (weapon)
Missiles
 l - a throwing net (quivered)
Armour
 b - a +0 scale mail (worn)
 c - a +0 buckler (worn)
Jewellery
 i - a ring of poison resistance
 j - an amulet of magic regeneration
Wands
 q - a wand of digging (4)
Scrolls
 f - 3 scrolls of teleportation {unknown}
 h - 3 scrolls of identify {unknown}
 k - a scroll of vulnerability {unknown}
 o - a scroll of torment {unknown}


   Skills:
 + Level 4.5 Fighting
 + Level 6.5 Axes
 + Level 4.2 Armour
 + Level 0.1 Dodging
 + Level 3.5 Shields


You had 5 spell levels left.
You didn't know any spells.
Your spell library contained the following spells:

 Spells                   Type           Power      Damage    Failure   Level
 Static Discharge         Conj/Air       0%         3-3/arc   92%         2
 Dispel Undead            Necr           0%         3d6       100%        4
 Sticky Flame             Conj/Fire      0%         2d3       100%        4


Dungeon Overview and Level Annotations

Branches:
Dungeon (3/15)

Altars:
Okawaru

Annotations:
D:3 Sigmund


Innate Abilities, Weirdness & Mutations

Armour fits poorly on your strangely shaped body.
You occasionally shout uncontrollably at your foes.
Potions are less effective at restoring your health.


Message History

You are confused.
You bump into the rock wall.
Sigmund hits you with a +2 scythe of protection!
You are too injured to fight recklessly!
You are too injured to fight recklessly!
You bump into the rock wall.
Sigmund barely misses you.
It was a potion of mutation.
You feel extremely strange.
Your body twists and deforms.
You feel the urge to shout.
Your system partially rejects the healing effects of potions.
Sigmund barely misses you.
It was a potion of attraction.
You feel attractive to monsters.
It was a potion of resistance.
You feel protected.
You feel less confused. Sigmund casts a spell at you.
You resist with some effort.
It was a potion of cancellation.
Your magical effects are unravelling.
You feel magically purged.
Your resistance to elements expires.
Sigmund hits you with a +2 scythe of protection.
* * * LOW HITPOINT WARNING * * *
You feel less attractive to monsters.
It was a potion of curing.
Your system partially rejects the healing.
You feel better.
Sigmund hits you with a +2 scythe of protection!
* * * LOW HITPOINT WARNING * * *
It was a potion of brilliance.
You feel clever all of a sudden.
You barely miss Sigmund.
Sigmund is moderately wounded.
You block Sigmund's attack.
You closely miss Sigmund.
Sigmund is moderately wounded.
You block Sigmund's attack.
You barely miss Sigmund.
Sigmund is moderately wounded.
Sigmund hits you with a +2 scythe of protection!
You die...

#...## #<......#.# ##..#
.....##.## #########...# #..#
#......... .. ##..#######..#
##.####.## #. #...........# #.#
#.########.########.# #.#
#..............# #.# #.#
#...##########.# #.. #.# ##..@#
#.# ### #.# #..@+ #.## #.# #..##
#..## #.# ...... ##### #.#.## #.#
####<.###.#.####.##.## ##.#
#..#..........###.## #..#######
#..#..........# ##.# .........#
#..#..........#####.
#.##.###.#####..#................
#.##.# #..†.....#................


You could see Sigmund.

Vanquished Creatures
  A scorpion (D:3)
  Natasha (thrice) (D:3)
  Robin (D:3)
  3 adders (D:2)
  2 worms (D:3)
  5 orcs
  4 ball pythons
  6 endoplasms
  2 giant cockroaches
  12 goblins
  5 hobgoblins
  A quokka (D:2)
  5 bats
  2 frilled lizards
  4 kobolds
  2 rats
58 creatures vanquished.

Notes
Turn   | Place    | Note
-------+----------+-------------------------------------------
     0 | D:1      | Ihaveafatcat the Hill Orc Fighter began the quest for the
                  | Orb.
     0 | D:1      | Reached XP level 1. HP: 19/19 MP: 1/1
   204 | D:1      | Found a faded altar of an unknown god.
   257 | D:1      | Reached XP level 2. HP: 27/27 MP: 2/2
   307 | D:1      | Reached skill level 3 in Axes
   377 | D:1      | You fall into a shaft and drop 1 floor!
   442 | D:2      | Found an iron altar of Okawaru.
   524 | D:2      | Found the +4 robe of Augmentation {Str+4 Int+4 Dex+4}
   536 | D:2      | Reached XP level 3. HP: 32/33 MP: 3/3
  1241 | D:2      | Reached skill level 4 in Axes
  1248 | D:2      | Reached XP level 4. HP: 26/40 MP: 4/4
  1631 | D:3      | Noticed Natasha
  1636 | D:3      | Killed Natasha
  1785 | D:3      | Found a glowing drain.
  1882 | D:3      | Reached skill level 5 in Axes
  1903 | D:3      | Noticed Natasha
  1910 | D:3      | Killed Natasha
  1911 | D:3      | Reached XP level 5. HP: 42/46 MP: 5/5
  1996 | D:3      | Noticed Robin
  2003 | D:3      | Reached skill level 6 in Axes
  2008 | D:3      | Killed Robin
  2352 | D:3      | Noticed Natasha
  2359 | D:3      | Killed Natasha
  2360 | D:3      | Reached XP level 6. HP: 52/53 MP: 6/6
  2485 | D:3      | Noticed Sigmund
  2500 | D:3      | Gained mutation: Armour fits poorly on your strangely
                  | shaped body. [potion of mutation]
  2500 | D:3      | Gained mutation: You occasionally shout uncontrollably at
                  | your foes. [potion of mutation]
  2500 | D:3      | Gained mutation: Potions are less effective at restoring
                  | your health. [potion of mutation]
  2508 | D:3      | Slain by Sigmund

Illustrated notes

Levels and vault maps discovered:
D:1:      dpeg_arrival_refuge, layout_basic, hellmonk_ecumenical_altar_blasted
D:2:      layout_loops_ring, basic_altar, nrook_uturn
D:3:      layout_loops_ring, mainiacjoe_overflow_alcove_2,
          cheibrodos_sewer_entry_drain, minmay_ogre_servants, uniq_natasha,
          uniq_robin, uniq_sigmund

Skill      XL: |  1  2  3  4  5 |
---------------+----------------+-----
Axes           | 3 4 5 6 |  6.5
Fighting       | 4 |  4.5
Armour         | 4 |  4.2
Dodging        | |  0.1
Shields        | |  3.5

Action                   |  1- 3 |  4- 6 || total
-------------------------+-------+-------++-------
Melee: War axe           |    74 |    75 ||   149
  Use: Potion            |       |     7 ||     7
Armor: Scale mail        |    43 |    29 ||    72
Dodge: Dodged            |    40 |    39 ||    79
Block: Buckler           |    16 |    22 ||    38
